 Dungeon Crawl Stone Soup version 0.20-a0-1078-g4874019 (webtiles) character file.

79 JeffiDaFish the Skirmisher (level 4, -11/29 HPs)
             Began as a Gargoyle Fighter on May 1, 2017.
             Mangled by an orc
             ... wielding a +1 dagger of distortion
              (17 damage)
             ... on level 3 of the Dungeon.
             The game lasted 00:03:48 (1424 turns).

JeffiDaFish the Skirmisher (Gargoyle Fighter)       Turns: 1424, Time: 00:03:48

Health: -11/29     AC: 13    Str: 20    XL:     4   Next: 38%
Magic:  4/4        EV:  7    Int:  8    God:
Gold:   75         SH:  9    Dex: 10    Spells: 2/3 levels left

rFire    . . .     SeeInvis .   a - +0 flail
rCold    . . .     Gourm    .   c - +0 shield
rNeg     + . .     Faith    .   b - +0 scale mail
rPois    ∞         Spirit   .   (no helmet)
rElec    +         Reflect  .   (no cloak)
rCorr    .         Harm     .   j - +2 pair of gloves
MR       .....                  (no boots)
Stlth    ..........             (no amulet)
Regen    0.1/turn               (no ring)
MPRegen  0.1/turn               (no ring)

@: no status effects
A: negative energy resistance 1, electricity resistance, unbreathing,
petrification resistance, rot immunity, AC +3
a: no special abilities


You were on level 3 of the Dungeon.
You were not hungry.

You visited 1 branch of the dungeon, and saw 3 of its levels.

You collected 75 gold pieces.

Inventory:

Hand Weapons
 a - a +0 flail (weapon)
Armour
 b - a +0 scale mail (worn)
 c - a +0 shield (worn)
 j - a +2 pair of gloves (worn)
Potions
 d - a potion of might
 e - 2 potions of heal wounds
Books
 i - a book of Cantrips

   Spells                             Type                      Level
   a - Confusing Touch                Hexes                        1
   b - Animate Skeleton               Necromancy                   1
   c - Summon Small Mammal            Summoning                    1
   d - Apportation                    Translocation                1
Comestibles
 f - 2 bread rations
 g - 2 chunks of flesh
 h - a royal jelly


   Skills:
 * Level 4.0 Fighting
 * Level 2.8 Maces & Flails
 * Level 3.7 Armour
 + Level 0.2 Dodging
 * Level 3.9 Shields
 + Level 0.0 Spellcasting
 + Level 0.1 Translocations


You had 2 spell levels left.
You knew the following spells:

 Your Spells              Type           Power        Failure   Level  Hunger
a - Apportation           Tloc           #.....       99%         1    ##.....


Dungeon Overview and Level Annotations

Branches:
Dungeon (3/15)

Altars:


Innate Abilities, Weirdness & Mutations

You are resistant to torment.
Your stone body is resilient. (AC +3)
You are immune to poison.
You resist negative energy. (rN+)
You are resistant to electric shocks. (rElec)
You can survive without breathing.
You are immune to petrification.
You are immune to rotting.


Message History

The orc is moderately wounded.
You block the orc's attack. The orc hits you but does no damage.
Space bends around you.
You thump the orc!
You kill the orc!
You block the orc's attack. x2
You thump the orc!
You kill the orc!
You block the orc's attack.
You hit the orc.
The orc is severely wounded.
The goblin hits you but does no damage. The orc hits you but does no damage.
Space bends around you.
* * * LOW HITPOINT WARNING * * *
You block the orc's attack. The goblin barely misses you.
You closely miss the orc.
The orc is severely wounded.
The orc hits you but does no damage. Space warps horribly around you!
Ouch! That really hurt!
You die...

#######################
#.....................#
#####....$................#
....+.....................#
#####............%........#
...................o.....$#
#####.#######.............###
.o............)###'##........
...............o@g...........
#..#.........<.###.##..####..
#.............$# #.....# .
##.###.......$)# #####!# ##.#
.........# .. .### .###...
... ## #... ...[ #... ..$.


You could see an orc and a goblin.

Vanquished Creatures
  An adder (D:2)
  4 worms
  3 dart slugs (D:1)
  2 leopard geckos
  4 orcs (D:3)
  A ball python (D:2)
  3 giant cockroaches (D:1)
  11 hobgoblins
  4 jackals (D:1)
  A bat (D:1)
  A frilled lizard (D:2)
  3 goblins (D:1)
  2 kobolds
  3 rats (D:1)
43 creatures vanquished.

Notes
Turn   | Place    | Note
-------+----------+-------------------------------------------
     0 | D:1      | JeffiDaFish the Gargoyle Fighter began the quest for the Orb.
     0 | D:1      | Reached XP level 1. HP: 14/14 MP: 1/1
    37 | D:1      | Reached XP level 2. HP: 20/20 MP: 2/2
   305 | D:1      | Reached XP level 3. HP: 23/24 MP: 3/3
  1111 | D:2      | Reached skill level 4 in Fighting
  1111 | D:2      | Reached XP level 4. HP: 26/29 MP: 4/4
  1128 | D:2      | Learned a level 1 spell: Apportation
  1321 | D:2      | You fall through a shaft!
  1424 | D:3      | Mangled by an orc

Vault maps used:
D:1:      saegor_arrival_simple_f, grunt_decor_clamped
D:2:      serial_forest, infiniplex_forest_end_2, infiniplex_forest_3_way,
          infiniplex_forest_lined_4_way, infiniplex_forest_lined_ring
D:3:      first_bread, uniq_crazy_yiuf_cottage

Skill      XL: |  1  2  3 |
---------------+----------+-----
Fighting       | 4 |  4.0
Maces & Flails | |  2.8
Armour         | |  3.7
Dodging        | |  0.2
Shields        | |  3.9
Translocations | |  0.1

Action                   |  1- 3 |  4- 6 || total
-------------------------+-------+-------++-------
Melee: Flail             |   110 |    45 ||   155
  Use: Potion            |     2 |       ||     2
       Scroll            |     1 |     1 ||     2
  Eat: Chunk             |     1 |     1 ||     2
Armor: Scale mail        |    49 |    22 ||    71
Dodge: Dodged            |    32 |    17 ||    49
Block: Shield            |    57 |    35 ||    92
